 Dungeon Crawl Stone Soup version 0.19.0-2-gae57169 (webtiles) character file.

23902 HungrySpirit the Severer (level 12, -7/118 HPs)
             Began as a Minotaur Berserker on Nov 6, 2016.
             Was a High Priest of Trog.
             Mangled by a red devil
             ... wielding a +0 trident
             ... summoned by an orc sorcerer
              (9 damage)
             ... on level 2 of the Orcish Mines.
             The game lasted 00:19:56 (11142 turns).

HungrySpirit the Severer (Minotaur Berserker)      Turns: 11142, Time: 00:19:56

Health: -7/118     AC: 14    Str: 26    XL:     12   Next: 75%
Magic:  11/11      EV:  7    Int:  5    God:    Trog [*****.]
Gold:   1106       SH:  0    Dex: 10    Spells: 0 memorised, 11 levels left

rFire  . . .     SeeInvis .     F - +1 war axe (drain)
rCold  . . .     Gourm    .     z - +1 plate armour
rNeg   . . .     Faith    .     (no shield)
rPois  +         Spirit   .     (helmet restricted)
rElec  .         Reflect  .     x - +0 cloak {rPois}
rCorr  +         Harm     .     (no gloves)
MR     +....                    T - +0 pair of boots {run}
Stlth  ..........               g - amulet of regeneration
                                s - ring of resist corrosion
                                y - ring of protection from magic

@: exhausted, slowed, drained, very slow
A: retaliatory headbutt, horns 2
a: Berserk, Trog's Hand, Brothers in Arms, Burn Spellbooks, Renounce Religion


You were on level 2 of the Orcish Mines.
You worshipped Trog.
Trog was extremely pleased with you.
You were very hungry.

You visited 3 branches of the dungeon, and saw 16 of its levels.
You also visited: Sewer.

You collected 1186 gold pieces.
You spent 80 gold pieces at shops.

Inventory:

Hand Weapons
 F - a +1 war axe of draining (weapon)
 I - a +0 battleaxe
Armour
 x - a +0 cloak of poison resistance (worn)
 z - a +1 plate armour (worn)
 T - a +0 pair of boots of running (worn)
Jewellery
 a - a +2 ring of evasion {unknown}
 g - an amulet of regeneration (around neck)
 m - a +4 ring of dexterity
 s - a ring of resist corrosion (right hand)
 y - a ring of protection from magic (left hand)
 G - an uncursed ring of fire
 M - an uncursed amulet of harm {unknown}
 Y - an uncursed ring of ice
Wands
 b - a wand of iceblast (0/15)
 C - a wand of digging (10/24)
 K - a wand of random effects (27/48)
 N - a wand of disintegration (13/24)
 O - a wand of teleportation (4/9)
 P - a wand of polymorph (10/24)
 V - a wand of iceblast (0/15)
Scrolls
 e - 4 scrolls of magic mapping
 f - 2 scrolls of enchant weapon
 h - 3 scrolls of fog {unknown}
 i - 9 scrolls of identify
 j - 3 scrolls of enchant armour
 t - 7 scrolls of teleportation
 H - 7 scrolls of remove curse
 J - a scroll of fear
 L - 2 scrolls of vulnerability {unknown}
 Q - 2 scrolls of immolation {unknown}
 U - 2 scrolls of amnesia {unknown}
 X - a scroll of blinking {unknown}
Potions
 d - 14 potions of curing
 k - a potion of degeneration {unknown}
 l - 3 potions of agility {unknown}
 n - 4 potions of magic {unknown}
 p - a potion of invisibility {unknown}
 r - 11 potions of heal wounds
 v - 3 potions of brilliance {unknown}
 w - a potion of resistance
 A - 3 potions of might
 B - a potion of berserk rage {unknown}
 D - a potion of flight {unknown}
 E - 3 potions of lignification {unknown}
 R - a potion of mutation {unknown}
Comestibles
 c - 6 bread rations
 o - 4 beef jerkies
 q - 5 meat rations
 u - 3 fruits
 S - 24 royal jellies
 W - 5 chunks of flesh


   Skills:
 + Level 14.4(13.8) Fighting
 * Level 19.6(18.9) Axes
 - Level 2.4(1.9) Armour
 - Level 2.1(1.7) Dodging


You had 11 spell levels left.
You didn't know any spells.

Dungeon Overview and Level Annotations

Branches:
Dungeon (13/15)            Temple (0/1) D:7            Lair (1/6) D:8
    Orc (2/2) D:10            Elf (0/3) Orc:2
 Vaults: D:13-14

Altars:
Ashenzari
Dithmenos
Okawaru
Sif Muna
Uskayaw
Zin
The Shining One

Shops:
D:5 !   Orc:2 (*


Innate Abilities, Weirdness & Mutations

You reflexively headbutt those who attack you in melee.
You have a pair of horns on your head.


Message History

The sixfirhy shocks you!
* * * LOW HITPOINT WARNING * * *
The red devil hits you from afar with a trident!
* * * LOW HITPOINT WARNING * * *
Items here: )) [[ a dagger; a robe; a trident; a chain mail
As you read the scroll of fear, it crumbles to dust.
You assume a fearsome visage.
The orc sorcerer looks frightened!
The orc knight resists with some effort.
The sixfirhy is unaffected.
The red devil is unaffected.
The orc warrior looks frightened!
The orc high priest looks frightened!
The orc wizard looks frightened!
The sixfirhy barely misses you. You furiously retaliate!
You headbutt the sixfirhy.
The sixfirhy hits you but does no damage.
The orc knight roars a battlecry!
The orc sorcerer goes into a battle-frenzy!
The orc wizard mumbles some strange words.
The orc wizard blinks!
The red devil hits you from afar with a trident!
You die...

..........8...............#.....
.#......P......................#
...........∩...................#
....##.........P................
.#.#.#....P..................#
###.......o..P..........<....#
#........P..4o.....[[)...#.#
#....#.PP...o....o...........#
##...##.#.#...@3.§..........##
##..#...##..[<[...........##
..........#)#..........#.##
.................o........##
...........................#
........)).................#
#..........................#
...................†<.....##
...........................#


You could see an orc knight, an orc high priest (fleeing), a sixfirhy, an orc
sorcerer (fleeing), a red devil, an orc warrior (fleeing) and an orc wizard
(fleeing).

Vanquished Creatures
  Fannar (Orc:1)
  Erica (Orc:1)
  3 unseen horrors
  Pikel (D:5)
  A deep elf mage (D:13)
  3 orc knights
  An ugly thing (D:11)
  The ghost of Xiguana the Slasher, a novice HESk of Okawaru (D:5)
  A cyclops (D:12)
  Maurice (D:8)
  Joseph (D:8)
  A centaur zombie (D:12)
  A gargoyle (D:13)
  3 trolls
  A queen bee (D:10)
  A two-headed ogre (D:10)
  6 slime creatures (D:12)
  A hornet (D:9)
  3 blink frogs (Lair:1)
  Grinder (D:6)
  3 hippogriffs
  2 wyverns
  Sigmund (D:4)
  3 yaks (Lair:1)
  Eustachio (D:5)
  The ghost of olma the Slasher, an amateur HuBe of Trog (D:3)
  A hungry ghost (D:6)
  Edmund (D:6)
  Menkaure (D:7)
  2 mottled dragons (D:12)
  7 wargs
  Duvessa (D:5)
  3 water moccasins (Lair:1)
  17 orc warriors
  3 slaves (D:5)
  A hornet zombie (D:8)
  4 ice beasts
  6 phantoms
  11 ogres
  6 necrophages (D:8)
  3 black bears
  3 centaurs
  2 crocodiles
  Blork the orc (D:4)
  4 bullfrogs
  Dowan (D:5)
  2 scorpions
  31 killer bees (D:10)
  3 wights (D:8)
  A water moccasin skeleton (D:5)
  4 howler monkeys (D:8)
  3 crimson imps
  A bullfrog zombie (D:7)
  15 orc priests
  4 jellies
  Crazy Yiuf (D:4)
  A gnoll shaman (D:4)
  10 hounds
  18 orc wizards
  2 iguanas
  Ijyb (D:2)
  6 worker ants
  A hound skeleton (D:10)
  A mummy (D:8)
  5 gnolls (D:4)
  13 adders
  3 river rats (Sewer)
  5 oozes (D:10)
  An adder zombie (D:5)
  3 worms
  2 dart slugs
  3 leopard geckos
  58 orcs
  2 ball pythons
  2 giant cockroaches
  12 goblins
  7 hobgoblins
  13 jackals
  9 kobolds
  5 quokkas
  4 bats (D:3)
  14 frilled lizards
  A leopard gecko zombie (D:6)
  2 quokka skeletons
  9 rats
  A plant (D:8)
401 creatures vanquished.

Vanquished Creatures (collateral kills)
  A hydra (Lair:1)
1 creature vanquished.

Vanquished Creatures (others)
  6 fungi
6 creatures vanquished.

Grand Total: 408 creatures vanquished

Notes
Turn   | Place    | Note
-------+----------+-------------------------------------------
     0 | D:1      | HungrySpirit the Minotaur Berserker began the quest for the Orb.
     0 | D:1      | Reached XP level 1. HP: 19/19 MP: 0/0
    43 | D:1      | Reached skill level 4 in Axes
   303 | D:1      | Reached XP level 2. HP: 23/27 MP: 1/1
   973 | D:2      | Reached XP level 3. HP: 25/33 MP: 2/2
   985 | D:2      | Noticed Ijyb
   997 | D:2      | Killed Ijyb
   997 | D:2      | Reached skill level 5 in Axes
  1079 | D:2      | Reached XP level 4. HP: 31/41 MP: 3/3
  1448 | D:3      | Reached ** piety under Trog
  1481 | D:3      | Found an iron altar of Okawaru.
  1496 | D:3      | Reached skill level 6 in Axes
  1496 | D:3      | Reached XP level 5. HP: 44/47 MP: 4/4
  1604 | D:3      | Reached skill level 5 in Fighting
  1616 | D:3      | Noticed olma's ghost (amateur HuBe)
  1622 | D:3      | Killed olma's ghost
  1622 | D:3      | Reached skill level 7 in Axes
  1622 | D:3      | Reached XP level 6. HP: 56/56 MP: 5/5
  2129 | D:4      | Reached skill level 8 in Axes
  2203 | D:4      | Noticed Sigmund
  2211 | D:4      | Killed Sigmund
  2211 | D:4      | Reached XP level 7. HP: 64/64 MP: 6/6
  2258 | D:4      | Reached *** piety under Trog
  2374 | D:4      | Reached skill level 9 in Axes
  2601 | D:4      | Found a runed door.
  2759 | D:4      | Reached XP level 8. HP: 73/73 MP: 7/7
  2792 | D:4      | Noticed Blork the orc
  2803 | D:4      | Killed Blork the orc
  2803 | D:4      | Reached skill level 10 in Axes
  3016 | D:4      | Noticed Crazy Yiuf
  3022 | D:4      | Killed Crazy Yiuf
  3097 | D:5      | Entered Level 5 of the Dungeon
  3097 | D:5      | Noticed Duvessa
  3099 | D:5      | Noticed Dowan
  3107 | D:5      | Killed Duvessa
  3108 | D:5      | Killed Dowan
  3134 | D:5      | Found Keihy's Distillery.
  3137 | D:5      | Bought a potion of heal wounds for 50 gold pieces
  3137 | D:5      | Bought a potion of curing for 30 gold pieces
  3156 | D:5      | Found a glowing drain.
  3171 | Sewer    | Entered a sewer
  3574 | D:5      | Noticed Pikel
  3597 | D:5      | Killed Pikel
  3597 | D:5      | Reached **** piety under Trog
  3597 | D:5      | Reached skill level 11 in Axes
  3597 | D:5      | Reached XP level 9. HP: 83/83 MP: 8/8
  3612 | D:5      | Noticed Xiguana's ghost (novice HESk)
  3655 | D:5      | Killed Xiguana's ghost
  3655 | D:5      | Reached skill level 12 in Axes
  4030 | D:5      | Noticed Eustachio
  4041 | D:5      | Killed Eustachio
  4152 | D:5      | Found a deep blue altar of Sif Muna.
  4250 | D:5      | Reached skill level 13 in Axes
  4335 | D:6      | Reached skill level 10 in Fighting
  4464 | D:6      | Noticed Grinder
  4476 | D:6      | Killed Grinder
  4559 | D:6      | Reached XP level 10. HP: 94/94 MP: 9/9
  4561 | D:6      | Reached ***** piety under Trog
  4667 | D:6      | Noticed Edmund
  4679 | D:6      | Killed Edmund
  4679 | D:6      | Reached skill level 14 in Axes
  4751 | D:6      | Found a faded altar of an unknown god.
  4751 | D:6      | Found a faded altar of an unknown god.
  4756 | D:6      | Found a glowing silver altar of Zin.
  4758 | D:6      | Found a faded altar of an unknown god.
  4759 | D:6      | Found a faded altar of an unknown god.
  5098 | D:7      | Noticed Menkaure
  5104 | D:7      | Killed Menkaure
  5104 | D:7      | Received a gift from Trog
  5150 | D:7      | Found a hide-covered altar of Uskayaw.
  5259 | D:7      | Found a staircase to the Ecumenical Temple.
  5637 | D:8      | Found a staircase to the Lair.
  5646 | D:8      | Noticed Maurice
  5683 | D:8      | Killed Maurice
  5683 | D:8      | Reached skill level 15 in Axes
  5763 | D:8      | Found a shattered altar of Ashenzari.
  5871 | D:8      | Received a gift from Trog
  5994 | D:8      | Noticed Joseph
  6015 | D:8      | Killed Joseph
  6119 | D:8      | Found a shadowy altar of Dithmenos.
  6247 | D:8      | Reached skill level 16 in Axes
  6288 | D:8      | Reached XP level 11. HP: 90/104 MP: 10/10
  6892 | D:9      | Found a glowing golden altar of the Shining One.
  7005 | D:10     | Entered Level 10 of the Dungeon
  7203 | D:10     | Found a staircase to the Orcish Mines.
  7368 | D:10     | Received a gift from Trog
  7706 | D:10     | Killed an unseen horror
  7706 | D:10     | Reached skill level 17 in Axes
  8140 | D:11     | Identified a +0 pair of boots of running (You found it on level 11 of the Dungeon)
  8215 | D:11     | Noticed a cyan ugly thing
  8220 | D:11     | Killed a cyan ugly thing
  8280 | D:11     | Killed an unseen horror
  8311 | D:11     | Killed an unseen horror
  8909 | D:12     | Reached skill level 18 in Axes
  9012 | D:12     | Reached XP level 12. HP: 114/115 MP: 11/11
  9730 | Lair:1   | Entered Level 1 of the Lair of Beasts
  9824 | Lair:1   | Noticed a five-headed hydra
  9831 | Lair:1   | Killed a six-headed hydra
 10062 | Lair:1   | Noticed an eight-headed hydra
 10329 | Orc:1    | Entered Level 1 of the Orcish Mines
 10347 | Orc:1    | Noticed Fannar
 10361 | Orc:1    | Killed Fannar
 10362 | Orc:1    | Reached skill level 19 in Axes
 10458 | Orc:1    | Noticed Erica
 10467 | Orc:1    | Killed Erica
 10699 | Orc:2    | Entered Level 2 of the Orcish Mines
 10699 | Orc:2    | Found Orghuc's General Store.
 11110 | Orc:2    | Noticed an orc high priest
 11115 | Orc:2    | Found a staircase to the Elven Halls.
 11121 | Orc:2    | Found Zoac Qiurr's Antique Weapon Boutique.
 11141 | Orc:2    | HP: 1/118 [red devil/trident[an orc sorcerer] (9)]
 11142 | Orc:2    | Mangled by a red devil

Skill      XL: |  1  2  3  4  5  6  7  8  9 10 11 12 |
---------------+-------------------------------------+-----
Axes           | 4 5 6 7 8 9 11 13 16 18 19 | 19.6
Fighting       | 4 5 6 7 9 10 11 13 14 | 14.4
Armour         | |  2.4
Dodging        | |  2.1

Action                   |  1- 3 |  4- 6 |  7- 9 | 10-12 || total
-------------------------+-------+-------+-------+-------++-------
Melee: Hand axe          |    65 |    84 |   305 |    46 ||   500
       Headbutt          |     9 |    14 |    50 |   129 ||   202
       War axe           |       |       |       |   607 ||   607
Invok: Berserk           |       |     4 |     8 |    12 ||    24
       Burn Spellbooks   |       |       |       |     3 ||     3
       Trog's Hand       |       |       |       |     2 ||     2
       Brothers in Arms  |       |       |       |     2 ||     2
Evoke: Wand              |       |       |       |     5 ||     5
  Use: Scroll            |       |       |     8 |     4 ||    12
  Eat: Chunk             |     1 |     6 |    13 |    31 ||    51
       Fruit             |       |       |     3 |       ||     3
       Royal jelly       |       |       |       |     1 ||     1
Armor: Scale mail        |    22 |    29 |     6 |       ||    57
       Animal skin       |     2 |       |       |       ||     2
       Plate armour      |       |       |   118 |   269 ||   387
Dodge: Dodged            |    40 |    52 |    77 |   166 ||   335
